 Dungeon Crawl Stone Soup version 0.27-a0-550-ge92ec0ca06 (webtiles) character file.

Game seed: 8906051738126997522

2629 gruber the Fighter (level 9, -3/98 HPs)
             Began as an Ogre Warper on Mar 7, 2021.
             Was an Initiate of Gozag.
             Slain by a hound (4 damage)
             ... on level 7 of the Dungeon.
             The game lasted 00:13:18 (14957 turns).

gruber the Fighter (Ogre Warper)                   Turns: 14957, Time: 00:13:19

Health: -3/98      AC:  3    Str: 20    XL:     9   Next: 61%
Magic:  8/12       EV:  9    Int: 14    God:    Gozag
Gold:   299        SH:  5    Dex:  8    Spells: 2/12 levels left

rFire    . . .     SeeInvis +   y - +0 giant club
rCold    . . .     Faith    .   (shield currently unavailable)
rNeg     . . .     Spirit   .   b - +0 robe
rPois    +         Reflect  +   (helmet restricted)
rElec    .         Harm     .   (no cloak)
rCorr    .         Rampage  .   (gloves unavailable)
Will     .....                  (boots unavailable)
Stlth    +.........             r - amulet of reflection
HPRegen  0.26/turn              i - ring of poison resistance
MPRegen  0.13/turn              l - ring of see invisible

@: mighty, gold aura
A: large, unfitting armour, tough skin 1
a: Renounce Religion, Potion Petition, Call Merchant, Bribe Branch


You were on level 7 of the Dungeon.
You worshipped Gozag.
Gozag was aware of your devotion.
You visited 2 branches of the dungeon, and saw 9 of its levels.

You collected 392 gold pieces.
You paid 93 gold pieces to Gozag.

Inventory:

Hand Weapons
 o - a +2 dagger of venom
 s - a +0 flail
 x - a +3 short sword
 y - a +0 giant club (weapon)
Missiles
 c - 4 silver javelins
 e - 5 boomerangs of dispersal
 D - 11 poisoned darts (quivered)
 K - 7 silver boomerangs
Armour
 b - a +0 robe (worn)
Jewellery
 i - a ring of poison resistance (left hand)
 l - a ring of see invisible (right hand)
 r - an amulet of reflection (around neck)
Wands
 w - a wand of paralysis (8)
 F - a wand of charming (9)
 I - a wand of iceblast (6)
 J - a wand of mindburst (13)
Scrolls
 d - 2 scrolls of blinking
 g - 9 scrolls of identify {unknown}
 h - 6 scrolls of teleportation {unknown}
 j - 3 scrolls of fear {unknown}
 k - a scroll of fog {unknown}
 n - 5 scrolls of enchant armour {unknown}
 p - 2 scrolls of enchant weapon {unknown}
 t - 2 scrolls of amnesia {unknown}
 u - 2 scrolls of magic mapping {unknown}
 B - 2 scrolls of holy word {unknown}
 G - a scroll of noise {unknown}
 H - a scroll of immolation {unknown}
Potions
 a - a potion of cancellation {unknown}
 f - 2 potions of lignification
 m - 3 potions of invisibility {unknown}
 v - a potion of berserk rage {unknown}
 z - 2 potions of curing {unknown}
 A - 2 potions of attraction {unknown}
 C - a potion of magic {unknown}
 E - a potion of mutation {unknown}


   Skills:
 - Level 9.2 Fighting
 - Level 9.0 Maces & Flails
 - Level 1.0 Throwing
 - Level 2.1 Dodging
 - Level 0.4 Shields
 - Level 2.4 Spellcasting
 * Level 5.3 Translocations


You had 2 spell levels left.
You knew the following spells:

 Your Spells              Type           Power      Damage    Failure   Level
a - Blink                 Tloc           N/A        N/A       4%          2
b - Teleport Other        Tloc           16%        N/A       8%          3
c - Manifold Assault      Tloc           16%        N/A       26%         4
d - Beastly Appendage     Tmut           2%         N/A       22%         1

Your spell library contained the following spells:

 Spells                   Type           Power      Damage    Failure   Level
 Summon Small Mammal      Summ           4%         N/A       22%         1
 Call Imp                 Summ           1%         N/A       34%         2
 Wereblood                Tmut           1%         N/A       34%         2
 Gell's Gravitas          Tloc           8%         N/A       8%          3
 Lesser Beckoning         Tloc           8%         N/A       8%          3
 Call Canine Familiar     Summ           1%         N/A       56%         3
 Confusing Touch          Hex            1%         N/A       56%         3
 Spider Form              Tmut/Pois      0%         N/A       56%         3
 Summon Guardian Golem    Hex/Summ       1%         N/A       56%         3
 Cause Fear               Hex            0%         N/A       92%         4
 Ice Form                 Ice/Tmut       1%         N/A       92%         4
 Petrify                  Tmut/Erth      1%         N/A       92%         4
 Summon Ice Beast         Ice/Summ       1%         N/A       92%         4
 Summon Lightning Spire   Summ/Air       1%         N/A       92%         4
 Blade Hands              Tmut           0%         N/A       99%         5
 Metabolic Englaciation   Hex/Ice        0%         N/A       99%         5
 Silence                  Hex/Air        0%         N/A       99%         5
 Yara's Violent Unravell  Hex/Tmut       0%         3d3       99%         5
 Discord                  Hex            0%         N/A       100%        8


Dungeon Overview and Level Annotations

Branches:
Dungeon (8/15)             Temple (1/1) D:7
   Lair: D:8-11

Altars:
Ashenzari
Cheibriados
Dithmenos
Elyvilon
Gozag
Hepliaklqana
Makhleb
Nemelex Xobeh
Okawaru
Qazlal
Ru
Sif Muna
Trog
Wu Jian
Xom
Yredelemnul
Zin
The Shining One

Shops:
D:4 [

Annotations:
D:4 3 runed translucent doors, Megustar's ghost, amateur DECj


Innate Abilities, Weirdness & Mutations

You are too large for most types of armour.
You have tough skin. (AC +1)


Message History

* * * LOW HITPOINT WARNING * * *
The hound stops to sniff the ground.
The hound closely misses you. The wolf bites you.
* * * LOW HITPOINT WARNING * * *
A mysterious force pulls you upwards. The hatch slams shut behind you.
Unknown command.
The wolf barely misses you. The hound bites you.
* * * LOW HITPOINT WARNING * * *
You block the wolf's attack.
You feel very mighty all of a sudden. The wolf bites you!
* * * LOW HITPOINT WARNING * * *
The wolf misses you.
You bludgeon the wolf!!
You kill the wolf!
A white imp comes into view.
The hound bites you.
* * * LOW HITPOINT WARNING * * *
You miss the hound. You block the hound's attack.
The hound becomes distracted by the nearby gold, dreaming of imaginary riches.
You barely miss the hound.
The hound is no longer distracted by gold.
The hound barks!
The white imp shouts!
The white imp shouts, "Go and return not, thou surly two-tin-hat surfacer!"
The hound misses you.
You closely miss the hound. The hound barely misses you. The hound bites you.
* * * LOW HITPOINT WARNING * * *
Casting: Manifold Assault (dangerous; 26% risk of failure)
Confirm with . or Enter, or press ? or * to list all spells.
Space momentarily warps into an impossible shape!
You bludgeon the white imp!!
You kill the white imp!
You barely miss the hound. The hound bites you.
* * * LOW HITPOINT WARNING * * *
The hound misses you.
Unknown command.
Unknown command.
You barely miss the hound. The hound bites you.
You die...
Your body crumbles into a pile of gold.

.##.......## #..#
.##........# #..#
.##...###..####..#
.##...###.....#..#
.##..............#
.##...###........#
.##...# #.######.#
.##...# #.######h#
.##...###.....##@#
.##...........$..# #
###.......#...####.###
.....................#
...................###
..#...##.............#
..#...........#.#..###
............#.#.#..#
....#.##..#.#.#.#..#


You could see a hound.

Vanquished Creatures
  3 orc warriors
  2 sky beasts (D:7)
  2 centaurs (D:5)
  2 wolves
  2 ogres
  A kobold brigand (D:7)
  2 bullfrogs (D:6)
  6 scorpions
  A wight (D:6)
  An electric eel (D:8)
  A howler monkey (D:4)
  A centaur zombie (D:5)
  A jelly (D:4)
  2 hounds
  An orc priest (D:7)
  A bullfrog skeleton (D:7)
  A gnoll shaman (D:4)
  Natasha (thrice) (D:4)
  3 iguanas
  5 orc wizards
  7 worker ants
  A hound skeleton (D:7)
  A worker ant zombie (D:7)
  10 gnolls
  2 howler monkey zombies (D:7)
  8 adders
  2 shadow imps
  3 white imps
  5 ufetubi
  2 oozes
  2 adder skeletons (D:4)
  6 worms
  2 dart slugs (D:1)
  3 leopard geckos (D:3)
  13 orcs
  13 giant cockroaches
  7 goblins
  12 hobgoblins
  5 jackals (D:6)
  13 kobolds
  A quokka (D:7)
  A ball python (D:2)
  6 bats (D:1)
  A frilled lizard (D:2)
  2 quokka skeletons
  10 rats
179 creatures vanquished.

Vanquished Creatures (others)
  29 plants
29 creatures vanquished.

Grand Total: 208 creatures vanquished

Notes
Turn   | Place    | Note
-------+----------+-------------------------------------------
     0 | D:1      | gruber the Ogre Warper began the quest for the Orb.
     0 | D:1      | Reached XP level 1. HP: 22/22 MP: 3/3
   126 | D:1      | Reached XP level 2. HP: 20/31 MP: 5/5
   655 | D:1      | Reached XP level 3. HP: 32/40 MP: 6/6
  1357 | D:1      | Reached skill level 5 in Fighting
  1658 | D:2      | Found an iron altar of Okawaru.
  1885 | D:2      | Found a faded altar of an unknown god.
  2250 | D:2      | Reached XP level 4. HP: 36/45 MP: 7/7
  3891 | D:3      | Reached XP level 5. HP: 45/62 MP: 8/8
  4852 | D:4      | Reached XP level 6. HP: 63/72 MP: 9/9
  5126 | D:4      | Noticed Natasha
  5423 | D:3      | Learned a level 2 spell: Blink
  5427 | D:3      | Learned a level 3 spell: Teleport Other
  5432 | D:3      | Learned a level 4 spell: Manifold Assault
  5663 | D:4      | Found a runed translucent gate.
  5663 | D:4      | Found a runed translucent gate.
  5663 | D:4      | Found a runed translucent gate.
  5697 | D:4      | Noticed Megustar's ghost (amateur DECj)
  5890 | D:4      | Found an ornate altar of the Wu Jian Council.
  5959 | D:4      | Reached XP level 7. HP: 66/83 MP: 10/10
  6638 | D:4      | Found Ciudi's Armour Boutique.
  6711 | D:4      | Killed Natasha
  7312 | D:5      | Entered Level 5 of the Dungeon
  7891 | D:5      | Reached skill level 5 in Maces & Flails
  8089 | D:4      | Noticed Natasha
  8103 | D:4      | Killed Natasha
  8394 | D:4      | Noticed Natasha
  8416 | D:4      | Killed Natasha
  8417 | D:4      | Reached XP level 8. HP: 36/92 MP: 11/11
  9046 | D:5      | Learned a level 1 spell: Beastly Appendage
 10085 | D:6      | Found a sacrificial altar of Ru.
 11729 | D:7      | Noticed a hornet
 12274 | D:7      | Reached XP level 9. HP: 54/98 MP: 12/12
 12693 | D:7      | Found a staircase to the Ecumenical Temple.
 12738 | Temple   | Entered the Ecumenical Temple
 13143 | Temple   | Became a worshipper of Gozag Ym Sagoz the Greedy
 13247 | D:7      | Found a glowing silver altar of Zin.
 14800 | D:7      | Noticed a skeletal warrior
 14934 | D:8      | Reached skill level 5 in Translocations
 14955 | D:7      | HP: 2/98 [hound (6)]
 14957 | D:7      | Slain by a hound

Illustrated notes

Levels and vault maps discovered:
D:1:      co_arrival_square_in_a_square_in_a_square, layout_basic
D:2:      layout_basic, okawaru_trees_2, chequers_ecumenical_altar_lobes,
          st_stairs_13
D:3:      layout_basic, chequers_big_river
D:4:      layout_rooms, nzn_wu_jian_contemplation, gammafunk_ghost_icy,
          serial_bayou, serial_bayou_crossing, serial_bayou_lake_a,
          serial_bayou_pond_e, serial_bayou_pond_b, serial_bayou_shore_a,
          serial_bayou_pond_e, serial_shops, nicolae_shop_crystal,
          serial_bayou_pond_e, columned_hall_lemuel, uniq_natasha
D:5:      layout_rooms, nicolae_zen_rock_garden
D:6:      layout_basic, nicolae_ru_sacrificial_ziggurat
D:7:      wad_guarded_room, layout_basic, kennysheep_mini_moat,
          minmay_temple_entry_statues_fountains
D:8:      layout_basic, erik_lair_island, uniq_harold
Temple:   minmay_temple_curvy_branch

Skill      XL: |  1  2  3  4  5  6  7  8  9 |
---------------+----------------------------+-----
Fighting       | 3 4 5 7 8 9 |  9.2
Maces & Flails | 2 5 8 9 |  9.0
Translocations | 5 |  5.3
Throwing       | |  1.0
Dodging        | |  2.1
Shields        | |  0.4
Spellcasting   | |  2.4

Action                   |  1- 3 |  4- 6 |  7- 9 || total
-------------------------+-------+-------+-------++-------
Melee: Mace              |   148 |    33 |       ||   181
       Dagger            |       |   182 |   338 ||   520
       Short sword       |       |       |     9 ||     9
       Flail             |       |       |     7 ||     7
       Giant club        |       |       |    65 ||    65
Throw: Javelin           |       |       |     1 ||     1
       Dart              |       |       |    16 ||    16
 Cast: Manifold Assault  |       |       |     2 ||     2
  Use: Potion            |       |       |     2 ||     2
 Stab: Distracted        |       |       |     1 ||     1
Armor: Robe              |    64 |    43 |    73 ||   180
       Skin              |       |       |     6 ||     6
Dodge: Dodged            |    83 |   101 |   161 ||   345
Block: Other             |       |    34 |    93 ||   127
       Reflection        |       |     3 |     5 ||     8

Table legend: (Time is in decaauts)
 A = Elapsed time spent in this place.
 B = Non-inter-level travel time spent in this place.
 C = Inter-level travel time spent in this place.
 D = Time resting spent in this place.
 E = Time spent auto-exploring this place.
 F = Levels seen in this place.
 G = Mean time per level.
                   A        B        C        D        E       F      G
               +--------+--------+--------+--------+--------+-----+--------+
         Total |  15147 |  14172 |    975 |   1304 |  11020 |   9 | 1683.0 |
       Dungeon |  14716 |  13792 |    924 |   1304 |  10641 |   8 | 1839.5 |
        Temple |    430 |    380 |     50 |      0 |    379 |   1 |  430.0 |
               +--------+--------+--------+--------+--------+-----+--------+

Top non-repeatable levels by time:
     D:4: 2913 daAuts
     D:6: 2725 daAuts
     D:3: 2335 daAuts
     D:7: 1756 daAuts
     D:2: 1717 daAuts
     D:5: 1707 daAuts
     D:1: 1479 daAuts
  Temple: 430 daAuts
     D:8: 80 daAuts
